 Dungeon Crawl Stone Soup version 0.30-a0-743-gbfdf073431 (webtiles) character file.

Game seed: 4457722386168335542

46763 hikkokomori the Fighter (level 14, -24/111 HPs)
             Began as a Demonspawn Gladiator on Feb 7, 2023.
             Was the Champion of Okawaru.
             Killed from afar by a green death (33 damage)
             ... with a poison arrow
             ... in a Gauntlet.
             The game lasted 00:27:06 (13930 turns).

hikkokomori the Fighter (Demonspawn Gladiator)     Turns: 13930, Time: 00:27:07

Health: -24/111    AC: 22    Str: 14    XL:     14   Next: 6%
Magic:  19/21      EV: 21    Int: 16    God:    Okawaru [******]
Gold:   758        SH:  0    Dex: 23    Spells: 2/15 levels left

rFire   + + .      SeeInvis .    f - +6 long sword "Kude Beo" {flame, rC+ Dex+3}
rCold   + + .      Faith    +    z - orb {light}
rNeg    + . .      Spirit   .    R - +4 ring mail {rF+}
rPois   .          Reflect  .    (helmet unavailable)
rElec   .          Harm     .    u - +2 cloak of Dithmenos's Hope {rC+}
rCorr   .          Rampage  .    (no gloves)
Will    +....      NoTele   +    h - +2 pair of boots
Stlth   ++                       E - amulet of faith
HPRegen 0.38/turn                x - +6 ring of intelligence
MPRegen 0.17/turn                W - ring of positive energy

@: lethally poisoned (-24 -> -54), heroic, glowing
A: horns 3, molten scales 3, foul stench 1, powered by death 1
a: Renounce Religion, Heroism, Finesse, Duel


You were in a Gauntlet.
You worshipped Okawaru.
Okawaru was exalted by your worship.
You visited 2 branches of the dungeon, and saw 13 of its levels.
You also visited: Ossuary, Bailey and Gauntlet.

You collected 895 gold pieces.
You spent 137 gold pieces at shops.

Inventory:

Hand Weapons
 b - a +3 heavy long sword
 f - the +6 long sword "Kude Beo" (weapon) {flame, rC+ Dex+3}
   (You acquired it on level 4 of the Dungeon)

   Dex:       It affects your dexterity (+3).
   rC:        It protects you from cold.
 y - a +2 great sword
Missiles
 a - an atropa-tipped dart
 d - 3 throwing nets
 e - a javelin
 p - 37 poisoned darts (quivered)
 X - 2 curare-tipped darts
Armour
 h - a +2 pair of boots (worn)
 u - the +2 cloak of Dithmenos's Hope (worn) {rC+}
   (You found it on level 5 of the Dungeon)

   rC:        It protects you from cold.
 z - an orb of light (worn)
 F - the +3 robe "Rifrino" {rF+}
   (You found it on level 7 of the Dungeon)

   rF:        It protects you from fire.
 P - the +4 kite shield "Zuconwoi" {Int+2}
   (Okawaru gifted it to you on level 8 of the Dungeon)

   Int:       It affects your intelligence (+2).
 R - a +4 ring mail of fire resistance (worn)
 Y - the +1 ring mail of Runiw {rElec Str+5}
   (You found it on level 10 of the Dungeon)

   Str:       It affects your strength (+5).
   rElec:     It insulates you from electricity.
Magical Staves
 n - a staff of conjuration
Jewellery
 x - a +6 ring of intelligence (left hand)
 C - a ring of ice
 E - an amulet of faith (around neck)
 O - a ring of protection from cold
 W - a ring of positive energy (right hand)
Wands
 l - a wand of flame (20)
 A - a wand of quicksilver (6)
 B - a wand of roots (16)
 Q - a wand of mindburst (13)
 V - a wand of polymorph (4)
Scrolls
 c - a scroll of torment {unknown}
 g - 6 scrolls of amnesia
 o - 6 scrolls of blinking
 s - 3 scrolls of enchant weapon
 t - 2 scrolls of fear
 v - 3 scrolls of enchant armour
 D - 5 scrolls of teleportation
 N - 2 scrolls of fog {unknown}
 T - 2 scrolls of poison {unknown}
 U - a scroll of magic mapping
Potions
 i - 8 potions of curing
 j - 4 potions of mutation
 k - 2 potions of haste
 m - 3 potions of ambrosia
 q - 5 potions of lignification
 r - 2 potions of resistance
 w - a potion of berserk rage
 G - 4 potions of heal wounds
 H - 3 potions of magic
 I - 4 potions of cancellation
 J - a potion of invisibility
 K - 2 potions of might
 L - a potion of brilliance {unknown}
 S - a potion of degeneration {unknown}
Miscellaneous
 M - a condenser vane


   Skills:
 + Level 10.9(15.9) Fighting
 - Level 10.0(15.0) Long Blades
 - Level 1.7(6.7) Throwing
 - Level 5.9(10.9) Armour
 + Level 9.3(14.3) Dodging
 - Level 6.4(11.4) Stealth
 + Level 6.1(11.1) Shields
 + Level 1.4 Spellcasting
 - Level 6.5 Hexes
 + Level 1.0 Translocations
 - Level 1.3 Poison Magic
 - Level 9.5 Invocations


You had 2 spell levels left.
You knew the following spells:

 Your Spells              Type           Power      Damage    Failure   Level
a - Olgreb's Toxic Radia  Pois           5%         N/A       91%         4
b - Confusing Touch       Hex            22%        N/A       8%          3
c - Ensorcelled Hibernat  Hex/Ice        22%        N/A       16%         2
d - Apportation           Tloc           8%         N/A       24%         1
e - Vhi's Electric Charg  Tloc/Air       4%         N/A       67%         3

Your spell library contained the following spells:

 Spells                   Type           Power      Damage    Failure   Level
 Slow                     Hex            88%        N/A       2%          1
 Static Discharge         Conj/Air       2%         2-3/arc   50%         2
 Portal Projectile        Hex/Tloc       26%        N/A       24%         3
 Cause Fear               Hex            11%        N/A       26%         4
 Inner Flame              Hex/Fire       11%        N/A       30%         3
 Spider Form              Tmut/Pois      3%         N/A       65%         3
 Kindle Blastsparks       Fire/Tloc/Air  4%         2d10      69%         3
 Anguish                  Hex/Necr       5%         N/A       69%         4
 Fulminant Prism          Conj/Hex       5%         3d6       69%         4
 Vampiric Draining        Necr           1%         2d6       75%         3
 Iskenderun's Mystic Bla  Conj/Tloc      2%         2d3       97%         4
 Alistair's Intoxication  Tmut/Pois      2%         N/A       100%        5
 Arcjolt                  Conj/Air       0%         1d10      100%        5
 Blade Hands              Tmut           0%         N/A       100%        5
 Lee's Rapid Deconstruct  Erth           0%         3d4*      100%        5
 Lightning Bolt           Conj/Air       0%         1d11      100%        5
 Ozocubu's Refrigeration  Ice            0%         4d7       100%        7
 Discord                  Hex            11%        N/A       100%        8
 Ignition                 Fire           0%         3d3       100%        8
 Tukima's Dance           Hex            Unusable   N/A       N/A         3

Dungeon Overview and Level Annotations

Branches:
Dungeon (10/15)            Temple (0/1) D:5            Lair (3/5) D:10
 Shoals (0/4) Lair:3        Snake (0/4) Lair:3      Ossuary (visited)
 Bailey (visited)         Gauntlet (1/1)
    Orc: D:9-12

Altars:
Ashenzari
Dithmenos
Gozag
Makhleb
Nemelex Xobeh
Okawaru
Trog
Xom

Shops:
D:1 ?   D:9 :

Annotations:
Gauntlet 7 transporters


Innate Abilities, Weirdness & Mutations

You have a pair of large horns on your head.
You are completely covered in molten scales. (AC +4, rF+)
You may rarely emit foul miasma when damaged in melee.
You regenerate a little health from kills.


Message History

You are too injured to fight recklessly!
You are too injured to fight recklessly!
You are too injured to fight recklessly!
You are too injured to fight recklessly!
You are too injured to fight recklessly!
You are too injured to fight recklessly!
You are too injured to fight recklessly!
You are too injured to fight recklessly!
You are too injured to fight recklessly!
You are too injured to fight recklessly!
You are too injured to fight recklessly!
The green death attacks as you move away!
The green death barely misses you.
You feel very sick.
The orange demon attacks as you move away!
The orange demon completely misses you.
The orange demon hits you but does no damage.
You feel very sick.
You feel better. The green death gestures at you. The poison arrow hits you!
You are poisoned.
* * * LOW HITPOINT WARNING * * *
You gain the combat prowess of a mighty hero.
You feel very sick. The green death hits you.
* * * LOW HITPOINT WARNING * * *
The green death attacks as you move away!
The green death hits you!
* * * LOW HITPOINT WARNING * * *
The orange demon attacks as you move away!
The orange demon misses you.
The orange demon hits you but does no damage.
You feel sick. The orange demon barely misses you.
You see here a ring of protection from cold.
You feel sick. The green death gestures at you. The poison arrow hits you!!
You are lethally poisoned!
You die...

###.#.#######.#.#
#≈............... #
#8§8.8..©.©..8.8. #8
#≈...............
#######################
##≈............≈∩≈......
8#......................
#..###########...######
#..#..@=©4!..#...#!.≈?©
#..#.#.#2#.#.#...#.≈...
8#..#..#.#.#..#...#.≈≈..
##..#.#.#.#.#.#...#.≈.≈≈
#..#..#.©.#..#...#≈..≈©
#..#.#.#.#.#.#...#≈.≈..
#..#..#.#.#..#...#.≈.≈≈
#..#.#.#.#.#.#...#.≈..≈
#..#.........#...#..≈≈.


You could see a green death and an orange demon.

Vanquished Creatures
  2 hydras (Lair:2)
  A centaur warrior (D:10)
  A two-headed ogre (D:9)
  An ice statue (Gauntlet)
  A black mamba (Lair:2)
  7 cane toads
  3 rime drakes
  2 kobold demonologists (D:10)
  5 komodo dragons
  2 trolls
  23 blink frogs (Lair:2)
  A polar bear (D:9)
  A hornet (D:9)
  4 centaur simulacra (Gauntlet)
  A shadow (D:9)
  42 yaks
  5 wyverns
  2 unseen horror simulacra (D:9)
  A wraith (D:10)
  2 basilisks
  Eustachio (D:6)
  A steam dragon (D:7)
  9 water moccasins
  3 orc warriors
  A black bear (D:6)
  3 ice beasts
  2 sky beasts
  3 centaurs
  5 ogres
  9 wolves
  3 phantoms
  5 kobold brigands
  9 bullfrogs
  3 gnoll sergeants
  5 scorpions
  2 water moccasin zombies (Ossuary)
  8 wights
  A hornet simulacrum (Gauntlet)
  9 killer bees
  7 howler monkeys
  3 electric eels
  2 jellies (D:6)
  2 orc priests
  10 hounds
  6 iguanas
  4 orc wizards
  2 mummies (Ossuary)
  20 gnolls
  9 adders
  A shadow imp (D:7)
  2 white imps
  An ufetubus (D:5)
  3 adder zombies (Ossuary)
  4 worms
  2 dart slugs
  33 orcs
  2 ball pythons (D:1)
  10 endoplasms
  5 giant cockroaches
  5 gnoll zombies (Ossuary)
  10 goblins
  4 hobgoblins
  9 jackals
  2 quokkas
  6 bats
  5 frilled lizards
  7 hobgoblin zombies (Ossuary)
  23 kobolds
  4 kobold zombies (Ossuary)
  5 orc zombies (Ossuary)
  10 rats
  A bush (D:1)
408 creatures vanquished.

Vanquished Creatures (others)
  2 kobolds (D:9)
  10 fungi
  16 plants
28 creatures vanquished.

Grand Total: 436 creatures vanquished

Notes
Turn   | Place    | Note
-------+----------+-------------------------------------------
     0 | D:1      | hikkokomori the Demonspawn Gladiator began the quest for
                  | the Orb.
     0 | D:1      | Reached XP level 1. HP: 16/16 MP: 1/1
   212 | D:1      | Found Tokiehonwi's Magic Scroll Boutique.
   255 | D:1      | Gained mutation: You regenerate a little health from kills.
                  | [demonic ancestry]
   255 | D:1      | Reached XP level 2. HP: 21/23 MP: 2/2
   814 | D:1      | Gained mutation: You are partially covered in molten
                  | scales. (AC +2) [demonic ancestry]
   814 | D:1      | Reached XP level 3. HP: 28/28 MP: 3/3
  1360 | D:2      | Found a faded altar of an unknown god.
  1673 | D:2      | Reached XP level 4. HP: 35/35 MP: 4/4
  2056 | D:3      | Found an iron altar of Okawaru.
  2238 | D:3      | HP: 1/37 [orc priest/nerve-wracking pain (13)]
  2248 | D:3      | Gained mutation: You have a pair of small horns on your
                  | head. [demonic ancestry]
  2248 | D:3      | Reached XP level 5. HP: 14/42 MP: 5/5
  2486 | D:3      | Became a worshipper of Warmaster Okawaru
  2612 | D:3      | Reached skill level 1 in Invocations
  3109 | D:4      | Identified a scroll of acquirement
  3109 | D:4      | Acquired the +6 long sword "Kude Beo" {flame, rC+ Dex+3}
  3169 | D:4      | Noticed a sky beast
  3172 | D:4      | Killed a sky beast
  3172 | D:4      | Reached * piety under Okawaru
  3173 | D:4      | Reached XP level 6. HP: 49/49 MP: 6/8
  3535 | D:4      | Found a sand-covered staircase.
  3541 | Ossuary  | Entered an ossuary
  3600 | Ossuary  | Reached skill level 1 in Stealth
  3637 | Ossuary  | Reached skill level 5 in Fighting
  3637 | Ossuary  | Reached skill level 5 in Long Blades
  3637 | Ossuary  | Gained mutation: You have a pair of horns on your head.
                  | [demonic ancestry]
  3637 | Ossuary  | Reached XP level 7. HP: 52/56 MP: 9/9
  4269 | D:5      | Entered Level 5 of the Dungeon
  4412 | D:5      | Reached ** piety under Okawaru
  4457 | D:5      | Identified the +2 cloak of Dithmenos's Hope {rC+}
  4596 | D:5      | Found a staircase to the Ecumenical Temple.
  4600 | D:5      | Gained mutation: You have a pair of large horns on your
                  | head. [demonic ancestry]
  4600 | D:5      | Reached XP level 8. HP: 64/64 MP: 10/10
  4747 | D:5      | Found a sparkling altar of Nemelex Xobeh.
  5163 | D:6      | Noticed Eustachio
  5171 | D:6      | Killed Eustachio
  5206 | D:6      | Found a broken altar of Ashenzari.
  5462 | D:6      | Reached *** piety under Okawaru
  5463 | D:6      | Reached skill level 5 in Dodging
  5501 | D:6      | Reached XP level 9. HP: 58/71 MP: 11/11
  5886 | D:6      | Reached skill level 5 in Stealth
  6209 | D:1      | Bought a scroll of teleportation for 33 gold pieces
  6209 | D:1      | Bought a scroll of identify for 22 gold pieces
  6209 | D:1      | Bought a scroll of blinking for 82 gold pieces
  6458 | D:7      | Reached **** piety under Okawaru
  6509 | D:7      | Identified the +3 robe "Rifrino" {rF+}
  6677 | D:7      | Reached ***** piety under Okawaru
  6742 | D:7      | Reached XP level 10. HP: 79/80 MP: 12/12
  6764 | D:7      | Found a flagged portal.
  6780 | Bailey   | Entered a bailey
  7043 | Bailey   | Learned a level 4 spell: Olgreb's Toxic Radiance
  7800 | D:8      | Reached skill level 1 in Poison Magic
  7865 | D:8      | Identified the +4 kite shield "Zuconwoi" {Int+2} (Okawaru
                  | gifted it to you on level 8 of the Dungeon)
  7865 | D:8      | Received a gift from Okawaru
  8031 | D:8      | Found a burning altar of Makhleb.
  8212 | D:8      | Learned a level 3 spell: Confusing Touch
  8274 | D:8      | Found an opulent altar of Gozag.
  8549 | D:9      | Found a shimmering altar of Xom.
  8551 | D:9      | Found a shadowy altar of Dithmenos.
  8653 | D:9      | Reached skill level 1 in Shields
  8653 | D:9      | Reached skill level 1 in Hexes
  8981 | D:9      | Reached skill level 5 in Invocations
  9229 | D:9      | Gained mutation: You may rarely emit foul miasma when
                  | damaged in melee. [demonic ancestry]
  9229 | D:9      | Reached XP level 11. HP: 87/87 MP: 15/15
  9532 | D:9      | Noticed a two-headed ogre
  9543 | D:9      | Killed a two-headed ogre
  9543 | D:9      | Identified the +0 war axe "Befucapn" {heavy, *Rage rElec
                  | rCorr Dex+4} (Okawaru gifted it to you on level 9 of the
                  | Dungeon)
  9543 | D:9      | Received a gift from Okawaru
  9608 | D:9      | Found Nafunoda's Book Emporium.
  9928 | D:10     | Entered Level 10 of the Dungeon
 10087 | D:10     | Found a bloodstained altar of Trog.
 10169 | D:10     | Found a staircase to the Lair.
 10613 | D:10     | Noticed a centaur warrior
 10624 | D:10     | Killed a centaur warrior
 10624 | D:10     | Received a gift from Okawaru
 10817 | D:10     | Identified the +1 ring mail of Runiw {rElec Str+5}
 11032 | Lair:1   | Entered Level 1 of the Lair of Beasts
 11255 | Lair:1   | Reached ****** piety under Okawaru
 11321 | Lair:1   | Reached skill level 5 in Hexes
 11323 | Lair:1   | Gained mutation: You are mostly covered in molten scales.
                  | (AC +3) [demonic ancestry]
 11323 | Lair:1   | Reached XP level 12. HP: 83/97 MP: 17/17
 11494 | Lair:1   | Reached skill level 10 in Fighting
 12178 | Lair:2   | Identified the +1 robe "Tiguem" {Harm} (Okawaru gifted it
                  | to you on level 2 of the Lair of Beasts)
 12178 | Lair:2   | Received a gift from Okawaru
 12258 | Lair:2   | Reached skill level 5 in Shields
 13036 | Lair:2   | Noticed a six-headed hydra
 13046 | Lair:2   | Killed a one-headed hydra
 13109 | Lair:2   | Noticed a five-headed hydra
 13117 | Lair:2   | Killed a two-headed hydra
 13118 | Lair:2   | Reached skill level 10 in Long Blades
 13186 | Lair:2   | Received a gift from Okawaru
 13305 | Lair:2   | Received a gift from Okawaru
 13604 | Lair:3   | Reached skill level 5 in Armour
 13604 | Lair:3   | Reached XP level 13. HP: 105/105 MP: 20/20
 13624 | Lair:3   | Reached skill level 1 in Spellcasting
 13624 | Lair:3   | Gained mutation: You are completely covered in molten
                  | scales. (AC +4, rF+) [demonic ancestry]
 13624 | Lair:3   | Reached XP level 14. HP: 74/111 MP: 21/21
 13627 | Lair:3   | Learned a level 2 spell: Ensorcelled Hibernation
 13629 | Lair:3   | Learned a level 1 spell: Apportation
 13633 | Lair:3   | Learned a level 3 spell: Vhi's Electric Charge
 13699 | Lair:3   | Found a gate leading to a gauntlet.
 13710 | Gauntlet | Entered a Gauntlet
 13710 | Gauntlet | Found a transporter.
 13710 | Gauntlet | Found a transporter.
 13711 | Gauntlet | Found a transporter.
 13713 | Gauntlet | Found a transporter.
 13714 | Gauntlet | Found a transporter.
 13714 | Gauntlet | Found a transporter.
 13733 | Gauntlet | Found a transporter.
 13733 | Gauntlet | Found a transporter.
 13737 | Gauntlet | Found a transporter.
 13753 | Gauntlet | Found a transporter.
 13773 | Gauntlet | Found a transporter.
 13792 | Gauntlet | Found a transporter.
 13905 | Gauntlet | Reached skill level 1 in Translocations
 13930 | Gauntlet | Killed from afar by a green death

Illustrated notes

Levels and vault maps discovered:
D:1:      amcnicky_arrival_double_pillar, layout_loops_corners, serial_shops,
          nicolae_shop_stone, serial_forest, infiniplex_forest_end_3,
          infiniplex_forest_clump_long, infiniplex_forest_join,
          infiniplex_forest_clump_large, infiniplex_forest_straight_2,
          infiniplex_forest_straight_5
D:2:      layout_loops_cross, ebering_ecumenical_altar_petrified
D:3:      layout_basic, old_standard_altar
D:4:      layout_loops_corners, nicolae_ossuary_entry_false_entrances
D:5:      layout_basic, nemelex_xobeh_ov_fountains_minmay,
          minmay_temple_entry_drinking_statues
D:6:      layout_loops_corners, cheibrodos_ashenzari_chains,
          minmay_misc_feat_nine_boxes, st_stairs_11, minmay_bent, uniq_eustachio
D:7:      layout_basic, enter_bailey_5
D:8:      layout_basic, grunt_temple_overflow_gold_and_silver,
          old_standard_altar
D:9:      layout_basic, jmf_multi_god_temple, serial_ice, serial_ice_n,
          serial_ice_i, serial_ice_c, serial_ice_b, serial_shops, shop,
          grunt_ministairs_15, minmay_joined_circles
D:10:     layout_gridville, mainiacjoe_overflow_alcove_1, erik_lair_island,
          nicolae_kite_square_tiling_tiny
Lair:1:   layout_roguey, infiniplex_staircase_pool_2
Lair:2:   layout_cave_pods, chequers_serial_rivers_micro_a,
          serial_bayou_shore_b, grunt_megastairs_2
Lair:3:   layout_long_grid, nicolae_shoals_entry_roost,
          minmay_snake_entry_six_corridors, gauntlet_entry_generic,
          grunt_megastairs_3
Gauntlet: gammafunk_gauntlet_hard_choice [gammafunk_gauntlet_arena_teeth,
          gammafunk_gauntlet_arena_arrow_garden,
          gammafunk_gauntlet_arena_corners, gammafunk_gauntlet_arena_spirals,
          gammafunk_gauntlet_arena_grid, nicolae_gauntlet_arena_flowing_pool,
          nicolae_gauntlet_exit_dead_adventurers]

Skill      XL: |  1  2  3  4  5  6  7  8  9 10 11 12 13 14 |
---------------+-------------------------------------------+-----
Long Blades    | 3 4 5 6 7 8 9 10 | 10.0
Fighting       | 3 4 5 6 8 9 10 | 10.9
Invocations    | 2 5 7 9 |  9.5
Dodging        | 3 4 5 6 7 8 9 |  9.3
Stealth        | 1 3 4 6 |  6.4
Poison Magic   | 1 |  1.3
Shields        | 2 4 5 6 |  6.1
Hexes          | 2 5 6 |  6.5
Armour         | 5 |  5.9
Spellcasting   | 1 |  1.4
Translocations | 1 |  1.0
Throwing       | |  1.7

Action                     |  1- 3 |  4- 6 |  7- 9 | 10-12 | 13-15 || total
---------------------------+-------+-------+-------+-------+-------++-------
  Melee: Long sword        |   216 |   168 |   205 |   585 |    38 ||  1212
         Punch             |     1 |     4 |     1 |       |       ||     6
         Headbutt          |       |    19 |    40 |   161 |    10 ||   230
  Throw: Dart              |       |     5 |       |     1 |       ||     6
 Invoke: Heroism           |       |       |       |     1 |     1 ||     2
  Evoke: Wand              |       |       |       |     2 |       ||     2
    Use: Potion            |       |     1 |       |     1 |     1 ||     3
         Scroll            |       |    11 |     5 |     4 |     1 ||    21
   Stab: Sleeping          |     1 |     2 |     4 |     5 |       ||    12
         Distracted        |       |       |     1 |       |       ||     1
 Armour: Leather armour    |    17 |       |       |       |       ||    17
         Ring mail         |    28 |    84 |    58 |    75 |    20 ||   265
         Robe              |       |       |    10 |   129 |       ||   139
  Dodge: Dodged            |    85 |    97 |   133 |   553 |    39 ||   907

Table legend: (Time is in decaauts)
 A = Elapsed time spent in this place.
 B = Non-inter-level travel time spent in this place.
 C = Inter-level travel time spent in this place.
 D = Time resting spent in this place.
 E = Time spent auto-exploring this place.
 F = Levels seen in this place.
 G = Mean time per level.
                   A        B        C        D        E       F      G
               +--------+--------+--------+--------+--------+-----+--------+
         Total |  14020 |  13207 |    813 |    196 |  10059 |  16 |  876.2 |
       Dungeon |  10593 |   9793 |    800 |    130 |   7652 |  10 | 1059.3 |
          Lair |   2662 |   2650 |     12 |     66 |   2102 |   3 |  887.3 |
       Ossuary |    163 |    163 |      0 |      0 |     77 |   1 |  163.0 |
        Bailey |    384 |    384 |      0 |      0 |    228 |   1 |  384.0 |
      Gauntlet |    216 |    216 |      0 |      0 |      0 |   1 |  216.0 |
               +--------+--------+--------+--------+--------+-----+--------+

Top non-repeatable levels by time:
  Lair:2: 1421 daAuts
     D:9: 1414 daAuts
     D:1: 1382 daAuts
     D:3: 1157 daAuts
  Lair:1: 1133 daAuts
    D:10: 1111 daAuts
     D:4: 1044 daAuts
     D:6: 1044 daAuts
     D:5: 897 daAuts
     D:7: 870 daAuts
     D:8: 870 daAuts
     D:2: 801 daAuts
  Bailey: 384 daAuts
Gauntlet: 216 daAuts
 Ossuary: 163 daAuts
